 Dungeon Crawl Stone Soup version 0.23-a0-407-g92528d7 (webtiles) character file.

96 MisterFreud the Sneak (level 4, -4/36 HPs)
             Began as a Naga Fire Elementalist on Nov 7, 2018.
             Slain by Grinder (10 damage)
             ... on level 3 of the Dungeon.
             The game lasted 00:08:31 (2228 turns).

MisterFreud the Sneak (Naga Fire Elementalist)      Turns: 2228, Time: 00:08:32

Health: -4/36      AC:  4    Str: 10    XL:     4   Next: 67%
Magic:  0/7        EV: 10    Int: 18    God:
Gold:   76         SH:  0    Dex: 12    Spells: 3/7 levels left

rFire    . . .     SeeInvis +   k - +0 dagger (speed)
rCold    . . .     Gourm    .   (no shield)
rNeg     . . .     Faith    .   s - +2 animal skin
rPois    +         Spirit   .   (helmet restricted)
rElec    .         Reflect  .   (no cloak)
rCorr    .         Harm     .   (no gloves)
MR       .....                  (no barding)
Stlth    +++.......             (no amulet)
HPRegen  0.12/turn              (no ring)
MPRegen  0.10/turn              (no ring)

@: short of breath, very slightly contaminated, very slow
A: large, horns 1, see invisible, clever 1, deformed body, mutation resistance
1, poison resistance, slowness 2, slow metabolism 1, spit poison 1, AC +1
a: Spit Poison


You were on level 3 of the Dungeon.
You were not hungry.

You visited 1 branch of the dungeon, and saw 3 of its levels.

You collected 76 gold pieces.

Inventory:

Hand Weapons
 e - a +0 short sword
 k - a +0 dagger of speed (weapon)
 v - a +0 spear
Missiles
 b - 26 bolts
 d - 21 arrows
 h - 78 stones (quivered)
 n - 24 sling bullets
Armour
 a - a +0 robe
 s - a +2 animal skin (worn)
 t - a +0 helmet
Scrolls
 g - 3 scrolls of remove curse
 m - a scroll of enchant weapon {unknown}
 o - a scroll of enchant armour {unknown}
 p - 2 scrolls of teleportation {unknown}
 u - a scroll of fear {unknown}
 w - a scroll of identify {unknown}
 x - a scroll of amnesia
Potions
 f - a potion of haste {unknown}
 i - a potion of mutation
 j - a potion of agility {unknown}
 l - a potion of might {unknown}
 q - a potion of lignification {unknown}
 r - a potion of brilliance
Comestibles
 c - 2 rations
 z - 4 chunks of flesh


   Skills:
 - Level 1.5 Dodging
 - Level 5.0 Stealth
 - Level 2.0 Spellcasting
 + Level 3.3 Conjurations
 + Level 3.1 Fire Magic


You had 3 spell levels left.
You knew the following spells:

 Your Spells              Type           Power        Failure   Level  Hunger
a - Flame Tongue          Conj/Fire      ##...        4%          1    #......
b - Conjure Flame         Conj/Fire      ##......     14%         3    ###....

Your spell library contained the following spells:

 Spells                   Type           Power        Failure   Level  Hunger
 Throw Flame              Conj/Fire      ##....       7%          2    ###....
 Inner Flame              Hex/Fire       #.......     28%         3    ###....
 Sticky Flame             Conj/Fire      ##......     43%         4    #####..
 Fireball                 Conj/Fire      ##........   78%         5    ######.


Dungeon Overview and Level Annotations

Branches:
Dungeon (3/15)

Altars:
Dithmenos

Annotations:
D:3 Grinder


Innate Abilities, Weirdness & Mutations

You cannot wear boots.
Your serpentine skin is tough. (AC +1)
You have supernaturally acute eyesight. (SInv)
Armour fits poorly on your strangely shaped body.
Your system is resistant to poisons. (rPois)
You cover ground very slowly.
You have a slow metabolism.
You can spit poison.
You have a pair of small horns on your head.
Your mind is acute. (Int +2)
You are somewhat resistant to further mutation.


Message History

Press: ? - help, Shift-Dir - straight line, f/p - Grinder
Aim: Grinder (severely wounded)
The flame tongue hits Grinder.
Grinder is almost dead.
You have got your breath back.
Grinder gestures at you. Pain shoots through your body!
Press: ? - help, Shift-Dir - straight line, f/p - Grinder
Aim: Grinder (almost dead)
The splash of poison misses Grinder.
You feel slightly more hungry. Grinder hits you.
You hit Grinder but do no damage.
Grinder is almost dead.
Grinder gestures at you. Pain shoots through your body!
* * * LOW HITPOINT WARNING * * *
You closely miss Grinder. You headbutt Grinder, but do no damage.
Grinder is almost dead.
Grinder hits you!
You die...

##.#.#.###.#.#
#.########).#.##.##.#.########
#.............................
###
######.##....##.#############
..# #.###.#....# #.# #.#
##.....# #.# #.# #..#..#####
#.# #.# #.........# #.# #.#
#.@#....#.# #.# #.#
#.5##.#...# #.# #.#
#...#.....# #.# #..##.#.#.#
..# .####..##.##..# ####
#..........# #.# ....
#######.#### #.# #### #.# #.#
#.#


You could see Grinder.

Vanquished Creatures
  Robin (D:2)
  3 gnolls (D:2)
  2 worms (D:2)
  A dart slug (D:1)
  A leopard gecko (D:1)
  5 bats
  A giant cockroach (D:2)
  8 goblins
  6 hobgoblins
  2 jackals (D:1)
  10 kobolds
  A quokka (D:2)
  2 ball pythons (D:1)
  5 frilled lizards
  A rat (D:1)
49 creatures vanquished.

Notes
Turn   | Place    | Note
-------+----------+-------------------------------------------
     0 | D:1      | MisterFreud the Naga Fire Elementalist began the quest for
                  | the Orb.
     0 | D:1      | Reached XP level 1. HP: 15/15 MP: 3/3
   137 | D:1      | Reached skill level 4 in Stealth
   141 | D:1      | Reached XP level 2. HP: 22/22 MP: 5/5
   542 | D:1      | Reached skill level 5 in Stealth
   837 | D:2      | Reached XP level 3. HP: 28/28 MP: 6/6
  1176 | D:2      | Found a shadowy altar of Dithmenos.
  1204 | D:2      | Noticed Robin
  1226 | D:2      | Killed Robin
  1226 | D:2      | Reached XP level 4. HP: 28/36 MP: 4/7
  1493 | D:3      | Noticed Grinder
  1496 | D:3      | Paralysed by Grinder for 3 turns
  1501 | D:3      | Gained mutation: You have a pair of small horns on your
                  | head. [potion of mutation]
  1501 | D:3      | Gained mutation: You are somewhat resistant to further
                  | mutation. [potion of mutation]
  1501 | D:3      | Gained mutation: Your mind is acute. (Int +2) [potion of
                  | mutation]
  1695 | D:2      | Learned a level 3 spell: Conjure Flame
  2228 | D:3      | Slain by Grinder

Vault maps used:
D:1:      minmay_arrival_wavy_path
D:2:      nicolae_overflow_hidden_temple, minivault_11,
          chequers_serial_rivers_micro_e, uniq_robin
D:3:      skrybe_limestone_x, uniq_grinder

Skill      XL: |  1  2  3  4 |
---------------+-------------+-----
Stealth        | 4 5 |  5.0
Conjurations   | 2 3 |  3.3
Dodging        | |  1.5
Spellcasting   | |  2.0
Fire Magic     | |  3.1

Action                   |  1- 3 |  4- 6 || total
-------------------------+-------+-------++-------
Melee: Unarmed           |     1 |       ||     1
       Short sword       |     3 |       ||     3
       Dagger            |    36 |    15 ||    51
       Headbutt          |       |     1 ||     1
 Cast: Flame Tongue      |    17 |    17 ||    34
 Abil: Spit Poison       |    33 |    17 ||    50
  Use: Scroll            |     3 |       ||     3
       Potion            |       |     2 ||     2
 Stab: Sleeping          |     3 |       ||     3
  Eat: Chunk             |     2 |     4 ||     6
Armor: Robe              |     5 |     1 ||     6
       Animal skin       |       |     3 ||     3
Dodge: Dodged            |    21 |     9 ||    30

Table legend:
 A = Non-vault XP
 B = Vault XP
 C = Vault XP percentage of total XP
 D = Non-vault monster count
 E = Vault monster count
 F = Vault count percentage of total count
                 A         B        C        D         E       F
            +---------+---------+-------+---------+---------+-------
      Total |     111 |      27 |  19.6 |      42 |       7 |  14.3
            +---------+---------+-------+---------+---------+-------
        D:1 |      32 |       0 |   0.0 |      21 |       0 |   0.0
        D:2 |      74 |      27 |  26.7 |      18 |       7 |  28.0
        D:3 |       5 |       0 |   0.0 |       3 |       0 |   0.0
            +---------+---------+-------+---------+---------+-------
